 Dungeon Crawl Stone Soup version 0.28-a0-1182-g381e24db82 (webtiles) character file.

Game seed: 6487814526920771173

84 ytrimaz the Covered (level 4, -17/37 HPs)
             Began as a Formicid Fighter on Dec 16, 2021.
             Was a Believer of Uskayaw.
             Demolished by an ogre (23 damage)
             ... on level 4 of the Dungeon.
             The game lasted 00:02:48 (3249 turns).

ytrimaz the Covered (Formicid Fighter)              Turns: 3249, Time: 00:02:49

Health: -17/37     AC:  8    Str: 22    XL:     4   Next: 72%
Magic:  4/4        EV:  9    Int:  8    God:    Uskayaw [**....]
Gold:   884        SH:  4    Dex: 10    Spells: 3/3 levels left

rFire   + . .      SeeInvis +   a - +0 war axe
rCold   . . .      Faith    .   c - +0 buckler
rNeg    . . .      Spirit   .   b - +1 scale mail
rPois   .          Reflect  .   (helmet unavailable)
rElec   .          Harm     .   (no cloak)
rCorr   .          Rampage  .   (no gloves)
Will    .....                   (no boots)
Stlth   ..........              (no amulet)
HPRegen 0.12/turn               i - ring of protection from fire
MPRegen 0.09/turn               (no ring)

@: no status effects
A: permanent stasis, dig shafts and tunnels, antennae 3, four strong arms
a: Dig, Shaft Self, Renounce Religion, Stomp, Line Pass


You were on level 4 of the Dungeon.
You worshipped Uskayaw.
Uskayaw was noncommittal.
You visited 1 branch of the dungeon, and saw 4 of its levels.

You collected 884 gold pieces.

Inventory:

Hand Weapons
 a - a +0 war axe (weapon)
Missiles
 f - a throwing net
Armour
 b - a +1 scale mail (worn)
 c - a +0 buckler (worn)
Jewellery
 i - a ring of protection from fire (left hand)
Scrolls
 k - a scroll of noise {unknown}
 m - a scroll of vulnerability {unknown}
Potions
 d - a potion of might
 e - a potion of lignification
 g - a potion of brilliance
 h - a potion of resistance {unknown}
 j - 3 potions of curing
 l - a potion of heal wounds {unknown}


   Skills:
 + Level 3.7 Fighting
 + Level 3.2 Axes
 + Level 4.1 Armour
 + Level 4.0 Shields
 * Level 0.6 Invocations


You had 3 spell levels left.
You didn't know any spells.
Your spell library contained the following spells:

 Spells                   Type           Power      Damage    Failure   Level
 Freeze                   Ice            0%         1d3       73%         1
 Corpse Rot               Necr/Air       0%         N/A       86%         2
 Poisonous Vapours        Pois/Air       0%         N/A       86%         2
 Static Discharge         Conj/Air       0%         N/A       86%         2
 Frozen Ramparts          Ice            0%         1d2       97%         3
 Hailstorm                Conj/Ice       0%         3d3       100%        4
 Lightning Bolt           Conj/Air       0%         1d11      100%        5
 Maxwell's Capacitive Co  Air            0%         ∞         100%        8


Dungeon Overview and Level Annotations

Branches:
Dungeon (4/15)
 Temple: D:4-7

Altars:
Hepliaklqana
Okawaru
Uskayaw
Vehumet

Annotations:
D:3 exclusion: 2 goblins


Innate Abilities, Weirdness & Mutations

You cannot be hasted, slowed, berserked, paralysed or teleported.
You can dig through walls and to a lower floor.
You have a pair of large antennae on your head. (SInv)
Your four strong arms can wield two-handed weapons with a shield.


Message History

A kobold comes into view.
It is wielding a +0 vampiric short sword.
Found 19 poisoned darts.
There is an open door here.
A kobold is nearby!
The kobold hits you but does no damage.
You miss the kobold. The kobold closely misses you.
The kobold hits you but does no damage.
You closely miss the kobold. You block the kobold's attack.
You hit the kobold.
The kobold is severely wounded.
The kobold hits you with a +0 vampiric short sword.
You barely miss the kobold.
The kobold is severely wounded.
The kobold hits you but does no damage. x2
You hit the kobold.
You kill the kobold!
No target in view!
You see here a +0 vampiric short sword.
You sense a monster nearby.
You open the door.
An ogre comes into view. It is wielding a +0 giant club.
The ogre shouts!
An ogre is nearby!
An ogre is nearby!
The ogre hits you with a +0 giant club!
There is an open door, spattered with blood here.
You hit the ogre.
The ogre is lightly wounded.
You block the ogre's attack.
You slash the ogre!
The ogre is heavily wounded.
The ogre hits you with a +0 giant club!!
Ouch! That really hurt!
* * * LOW HITPOINT WARNING * * *
You can now pass through a line of other dancers.
You closely miss the ogre.
The ogre is heavily wounded.
The ogre hits you with a +0 giant club!!
Ouch! That really hurt!
You die...

{ .. ###+### ... ....... ...
.......######### >..
.......#.......# ...
......O@.......# ..≈
###....#.......#
................#.......#
...#............#......#######
{.#............#......##....#
#............#......##....#
#............#............#
####..).........+........)...#
...#............#..........(.#


You could see an ogre.

Vanquished Creatures
  4 adders
  3 dart slugs
  An orc (D:4)
  5 endoplasms
  A giant cockroach (D:1)
  4 hobgoblins
  2 quokkas (D:2)
  5 ball pythons
  A bat (D:1)
  2 frilled lizards (D:1)
  3 goblins
  4 kobolds
  6 rats
41 creatures vanquished.

Notes
Turn   | Place    | Note
-------+----------+-------------------------------------------
     0 | D:1      | ytrimaz the Formicid Fighter began the quest for the Orb.
     0 | D:1      | Reached XP level 1. HP: 18/18 MP: 1/1
   251 | D:1      | Reached XP level 2. HP: 24/24 MP: 2/2
   904 | D:2      | Reached XP level 3. HP: 26/29 MP: 3/3
   904 | D:2      | Identified a scroll of acquirement
   904 | D:2      | Acquired 784 gold pieces
  1597 | D:2      | Reached XP level 4. HP: 37/37 MP: 4/4
  1856 | D:3      | Found a radiant altar of Vehumet.
  2061 | D:3      | Found a hide-covered altar of Uskayaw.
  2352 | D:3      | Became a worshipper of Uskayaw the Reveller
  2703 | D:3      | Reached * piety under Uskayaw
  2843 | D:3      | Found an iron altar of Okawaru.
  3069 | D:4      | Found a hazy altar of Hepliaklqana.
  3079 | D:4      | Reached ** piety under Uskayaw
  3245 | D:4      | Noticed an ogre
  3249 | D:4      | Demolished by an ogre

Illustrated notes

Levels and vault maps discovered:
D:1:      elethiomel_arrival_infinity_welcomes_careful_drivers,
          layout_loops_ring
D:2:      layout_loops_ring
D:3:      layout_basic, eat_drink_and_be_merry_uskayaw, lemuel_round_altar,
          kennysheep_okawaru_gauntlet, kennysheep_crisscross,
          nicolae_underground_beach
D:4:      layout_gridville, mainiacjoe_overflow_boulevard,
          corexii_item_surrounded_by_moat

Skill      XL: |  1  2  3  4 |
---------------+-------------+-----
Shields        | 4 |  4.0
Axes           | 3 |  3.2
Armour         | 4 |  4.1
Fighting       | |  3.7
Invocations    | |  0.6

Action                   |  1- 3 |  4- 6 || total
-------------------------+-------+-------++-------
Melee: War axe           |    77 |    43 ||   120
  Use: Scroll            |     5 |     2 ||     7
Armor: Scale mail        |    37 |    29 ||    66
Dodge: Dodged            |    46 |    27 ||    73
Block: Buckler           |    12 |    14 ||    26

Table legend: (Time is in decaauts)
 A = Elapsed time spent in this place.
 B = Non-inter-level travel time spent in this place.
 C = Inter-level travel time spent in this place.
 D = Time resting spent in this place.
 E = Time spent auto-exploring this place.
 F = Levels seen in this place.
 G = Mean time per level.
                   A        B        C        D        E       F      G
               +--------+--------+--------+--------+--------+-----+--------+
         Total |   3294 |   3165 |    129 |      0 |   2732 |   4 |  823.5 |
       Dungeon |   3294 |   3165 |    129 |      0 |   2732 |   4 |  823.5 |
               +--------+--------+--------+--------+--------+-----+--------+

Top non-repeatable levels by time:
     D:3: 1224 daAuts
     D:2: 965 daAuts
     D:1: 905 daAuts
     D:4: 199 daAuts
